AoeStats
← 一剑扫秋风nelson

African Clearing

505386888Analyzed
3v3 RM · 23d ago on Sep 9, 2026· 63m 19s· 6 players
Game mode
Random Map
Map size
Normal (6 player)
Population
200
Speed
Normal
Resources
Standard
Victory
Conquest
Starting age
Dark Age
Ending age
Imperial Age
RankedLock teamsTeams togetherTeam positionsShared explorationLock speedFull tech treeHidden civsTurbo modeCheats
Victory
Defeat
🇲🇽 Koreans · Mexico
1752
+21
🇵🇦 Georgians · Panama
1608
+25
🇨🇴 Poles · Colombia
1550
+27
🇬🇹 Romans · Guatemala
1903
-26
🇨🇳 Britons · China
1900
-26
🇹🇷 Turks · Türkiye
1730
-21
一剑扫秋风nelson
11:52 Feudal Age
12:33 Loom
12:55 Double-Bit Axe
15:16 Forging
15:12 Scale Barding Armor
20:40 Castle Age
19:32 Horse Collar
20:52 Gold Mining
23:25 Fletching
25:04 Bodkin Arrow
28:04 Ballistics
27:58 Husbandry
29:16 Padded Archer Armor
29:57 Town Watch
33:47 Heavy Plow
35:17 Wheelbarrow
35:59 Leather Archer Armor
37:26 Hand Cart
38:59 Gold Shaft Mining
42:13 Imperial Age
40:18 Guard Tower
40:38 Masonry
40:09 Pikeman
40:49 Squires
40:50 Scale Mail Armor
41:25 Iron Casting
42:21 Halberdier
43:26 Bracer
44:03 Guilds
43:44 Elite Longbowman
45:54 Chemistry
45:42 Keep
44:52 Arrowslits
46:16 Yeomen
46:05 Siege Engineers
46:53 Conscription
47:50 Architecture
48:13 Ring Archer Armor
50:23 Coinage
50:47 Warwolf
51:51 Banking
51:50 Chain Mail Armor
52:35 Blast Furnace
51:44 Man-at-Arms
52:09 Gambesons
52:33 Long Swordsman
53:39 Two-Handed Swordsman
54:50 Plate Mail Armor
55:02 Champion
TorsionEngineer
3:32 Loom
14:06 Feudal Age
17:41 Castle Age
15:28 Double-Bit Axe
16:10 Scale Barding Armor
17:02 Bloodlines
18:22 Forging
30:39 Horse Collar
31:11 Bow Saw
32:02 Husbandry
36:07 Imperial Age
35:06 Fletching
37:24 Conscription
40:29 Heavy Plow
41:07 Wheelbarrow
40:20 Heavy Camel Rider
43:08 Hand Cart
42:38 Town Watch
42:49 Bodkin Arrow
44:38 Chain Barding Armor
46:06 Padded Archer Armor
48:50 Hoardings
49:00 Leather Archer Armor
49:21 Plate Barding Armor
49:06 Bracer
49:35 Parthian Tactics
49:15 Gold Mining
50:17 Elite Janissary
54:12 Gold Shaft Mining
54:19 Ballistics
54:32 Thumb Ring
54:24 Heavy Cavalry Archer
55:28 Sipahi
56:11 Masonry
58:34 Leather Archer Armor
61:38 Plate Barding Armor
TaoPaiPai
4:03 Loom
12:36 Feudal Age
14:58 Fletching
30:17 Castle Age
hK | Monastery
6:12 Loom
13:15 Feudal Age
14:25 Double-Bit Axe
14:43 Horse Collar
22:08 Stone Mining
24:19 Wheelbarrow
28:07 Castle Age
27:13 Gold Mining
29:07 Bow Saw
29:33 Fletching
30:16 Heavy Plow
30:00 Pikeman
30:35 Elite Skirmisher
34:01 Squires
34:09 Scale Mail Armor
41:15 Imperial Age
39:11 Bloodlines
40:06 Forging
40:03 Scale Barding Armor
40:14 Chain Mail Armor
40:21 Heavy Plow
40:54 Szlachta Privileges
42:25 Conscription
41:39 Cavalier
42:19 Husbandry
43:27 Hand Cart
43:53 Town Watch
44:46 Chain Barding Armor
47:48 Iron Casting
48:41 Plate Mail Armor
51:04 Crop Rotation
55:03 Blast Furnace
54:37 Ballistics
57:51 Chemistry
57:41 Light Cavalry
hk | SeFirox
3:36 Loom
14:07 Feudal Age
15:17 Double-Bit Axe
15:12 Horse Collar
17:51 Castle Age
17:59 Fletching
41:39 Wheelbarrow
42:38 Gold Mining
47:28 Imperial Age
47:36 Imperial Age
44:52 Town Watch
46:19 Scale Mail Armor
46:29 Forging
46:45 Squires
47:01 Bow Saw
46:52 Heavy Plow
48:49 Chain Mail Armor
49:09 Iron Casting
48:01 Crossbowman
49:36 Hand Cart
50:33 Heavy Plow
50:55 Arbalester
51:31 Bodkin Arrow
52:04 Thumb Ring
53:10 Chemistry
52:46 Bracer
53:07 Ballistics
54:31 Gold Shaft Mining
57:10 Plate Mail Armor
60:15 Elite Fire Lancer
Telo Bombeo
5:38 Loom
15:00 Feudal Age
18:31 Castle Age
17:11 Double-Bit Axe
17:50 Scale Barding Armor
18:39 Bloodlines
18:40 Light Cavalry
19:53 Husbandry
22:30 Wheelbarrow
21:41 Horse Collar
24:32 Forging
26:42 Heavy Plow
27:55 Chain Barding Armor
29:18 Bow Saw
29:31 Gold Mining
32:57 Hand Cart
33:16 Town Watch
34:08 Iron Casting
35:05 Fletching
40:16 Imperial Age
38:15 Stone Mining
41:36 Plate Barding Armor
41:33 Conscription
43:33 Blast Furnace
44:52 Svan Towers
45:15 Bodkin Arrow
46:08 Ballistics
46:48 Chemistry
46:49 Guard Tower
47:59 Chemistry
49:07 Bracer
50:29 Hoardings
49:35 Hussar
50:58 Keep
53:10 Padded Archer Armor
52:34 Elite Skirmisher
54:28 Leather Archer Armor
Connection lost

Rejoining the realm…

Still unreachable

The connection could not be restored.

Session expired

The server has moved on; the page needs a fresh start.